 Dungeon Crawl Stone Soup version 0.20-a0-910-gb611367 (webtiles) character file.

182 Hide the Insei (level 5, 0/33 HPs)
             Began as an Octopode Transmuter on Mar 25, 2017.
             Slain by a goblin
             ... wielding a +0 club
             ... led by Robin
              (3 damage)
             ... on level 2 of the Dungeon.
             The game lasted 00:14:11 (3949 turns).

Hide the Insei (Octopode Transmuter)                Turns: 3949, Time: 00:14:12

Health: 0/33       AC:  2    Str:  9    XL:     5   Next: 61%
Magic:  2/8        EV: 20    Int: 17    God:
Gold:   110        SH:  0    Dex: 17    Spells: 3/9 levels left

rFire    . . .     SeeInvis .     - Unarmed
rCold    . . .     Gourm    .   (shield currently unavailable)
rNeg     . . .     Faith    .   (helmet currently unavailable)
rPois    x         Spirit   .   (no amulet)
rElec    .         Reflect  .   (no ring)
rCorr    .         Harm     .   (no ring)
MR       .....                  (no ring)
Stlth    ++........             (no ring)
Regen    0.2/turn               (no ring)
MPRegen  0.2/turn               (no ring)
                                (no ring)
                                (no ring)

@: spider-form, very slightly contaminated
A: almost no armour, stealthy swim, (amphibious), 8 rings, (constrict 8),
(camouflage 0), (gelatinous body 0)
a: End Transformation


You were on level 2 of the Dungeon.
You were not hungry.
You were a venomous arachnid creature.
You visited 1 branch of the dungeon, and saw 3 of its levels.

You collected 110 gold pieces.

Inventory:

Missiles
 a - 10 arrows
Jewellery
 h - an uncursed amulet of faith {unknown}
Scrolls
 f - a scroll of identify
Potions
 d - a potion of agility
 e - a potion of mutation {unknown}
 k - a potion of heal wounds {unknown}
Books
 b - a book of Changes

   Spells                             Type                      Level
   a - Beastly Appendage              Transmutation                1
   b - Sticks to Snakes               Transmutation                2
   c - Spider Form                    Transmutation/Poison         3
   d - Ice Form                       Ice/Transmutation            4
   e - Blade Hands                    Transmutation                5
Comestibles
 c - 2 bread rations
 g - 2 royal jellies
 i - 2 meat rations


   Skills:
 - Level 1.3 Fighting
 - Level 2.8 Dodging
 - Level 2.3 Stealth
 * Level 4.5 Unarmed Combat
 + Level 2.5 Spellcasting
 + Level 2.6 Transmutations
 - Level 0.2 Poison Magic


You had 3 spell levels left.
You knew the following spells:

 Your Spells              Type           Power        Failure   Level  Hunger
a - Beastly Appendage     Tmut           ##....       24%         1    #......
b - Sticks to Snakes      Tmut           ##......     28%         2    ##.....
c - Spider Form           Tmut/Pois      #.........   52%         3    ###....


Dungeon Overview and Level Annotations

Branches:
Dungeon (3/15)

Altars:

Annotations:
D:3 Robin


Innate Abilities, Weirdness & Mutations

You cannot wear most types of armour.
You are very stealthy in the water. (Stealth+)
((You are amphibious.))
You can wear up to eight rings at the same time.
((You can use your tentacles to constrict eight enemies at once.))
((Your skin changes colour to match your surroundings (Stealth+).))
((Your rubbery body absorbs attacks. (AC +1, EV +1)))


Message History

The goblin misses you. x2
You hit the goblin.
You kill the goblin!
The goblin misses you. The goblin hits you. The goblin misses you.
The goblin completely misses you. The goblin barely misses you.
The goblin misses you. The goblin hits you with a club!
You see here a goblin corpse.
You hit the goblin but do no damage.
The goblin is poisoned.
The goblin completely misses you. The goblin misses you.
The goblin barely misses you. The goblin hits you with a club.
* * * LOW HITPOINT WARNING * * *
The goblin hits you but does no damage.
You hit the goblin.
You kill the goblin!
The goblin completely misses you. The goblin hits you.
* * * LOW HITPOINT WARNING * * *
You bite the goblin!
You kill the goblin!
The goblin misses you. The goblin hits you with a club.
You die...

#.####### ########## #........
#..(.....# #.######.
#........#####........
#........'...#.#.#.#..
#........###.#.......#
###.(....###...#(#.#.#
##############.g†..#............#
..............)>s..#.####.#.#.#.#
.......#######.gg...)...........#
######.# #...#.#.###...######
.......# #...#.#.##########
####.#.# #...#.#.#........#
....<#.# #.÷.#>#.#.######.#
.#.#.#.## #...#.#.#.# #.#
.#.#.#..# #...#.....# #.#
.###.#..# #...###...# #.#


You could see 3 goblins.

Vanquished Creatures
  8 gnolls
  2 adders
  2 oozes
  3 worms (D:2)
  A dart slug (D:2)
  4 leopard geckos
  8 bats
  A giant cockroach (D:2)
  12 goblins
  7 hobgoblins
  4 jackals (D:1)
  A quokka (D:2)
  3 ball pythons
  5 frilled lizards
  5 kobolds
  3 rats (D:1)
69 creatures vanquished.

Vanquished Creatures (collateral kills)
  A hobgoblin (D:1)
1 creature vanquished.

Grand Total: 70 creatures vanquished

Notes
Turn   | Place    | Note
-------+----------+-------------------------------------------
     0 | D:1      | Hide the Octopode Transmuter began the quest for the Orb.
     0 | D:1      | Reached XP level 1. HP: 13/13 MP: 3/3
   427 | D:1      | Reached XP level 2. HP: 16/18 MP: 3/5
   619 | D:1      | Learned a level 2 spell: Sticks to Snakes
   749 | D:1      | Reached XP level 3. HP: 10/23 MP: 3/6
  1066 | D:1      | Learned a level 3 spell: Spider Form
  1515 | D:1      | Reached skill level 1 in Stealth
  2100 | D:2      | Reached XP level 4. HP: 17/28 MP: 7/7
  2611 | D:2      | Reached skill level 4 in Unarmed Combat
  3108 | D:2      | Reached XP level 5. HP: 32/33 MP: 8/8
  3396 | D:3      | Noticed Robin
  3949 | D:2      | Slain by a goblin

Vault maps used:
D:1:      lightli_arrival_flooded_house, st_stairs_13
D:2:      serial_glass, glass_columns_a, glass_columns_b
D:3:      gammafunk_temple_overflow_statue, uniq_robin, uniq_sigmund

Skill      XL: |  1  2  3  4 |
---------------+-------------+-----
Stealth        | 1 2 |  2.3
Unarmed Combat | 4 |  4.5
Fighting       | |  1.3
Dodging        | |  2.8
Spellcasting   | |  2.5
Transmutations | |  2.6
Poison Magic   | |  0.2

Action                   |  1- 3 |  4- 6 || total
-------------------------+-------+-------++-------
Melee: Unarmed           |    93 |    69 ||   162
       Constrict         |    24 |    16 ||    40
       Tentacles         |    15 |    14 ||    29
       Kick              |     5 |       ||     5
       Punch             |     1 |     2 ||     3
 Cast: Beastly Appendage |     3 |       ||     3
       Sticks to Snakes  |     2 |       ||     2
       Spider Form       |     1 |     3 ||     4
  Use: Scroll            |     2 |     3 ||     5
 Stab: Sleeping          |     5 |     3 ||     8
  Eat: Chunk             |     4 |     1 ||     5
       Meat ration       |       |     1 ||     1
Armor: Skin              |    21 |     5 ||    26
Dodge: Dodged            |    76 |    82 ||   158
